 Dungeon Crawl Stone Soup version 0.21.0-3-g78d12a8 (webtiles) character file.

2736 Jatast the Geomancer (level 9, -4/60 HPs)
             Began as a Gargoyle Earth Elementalist on Jan 11, 2018.
             Was a Believer of Sif Muna.
             Killed from afar by an orc warrior (12 damage)
             ... with a wand of acid (7)
             ... on level 7 of the Dungeon.
             The game lasted 00:17:18 (7930 turns).

Jatast the Geomancer (Gargoyle Earth Elementalist)  Turns: 7930, Time: 00:17:19

Health: -4/60      AC:  3    Str: 11    XL:     9   Next: 67%
Magic:  9/17       EV: 12    Int: 20    God:    Sif Muna [**....]
Gold:   91         SH:  0    Dex: 10    Spells: 5/18 levels left

rFire    . . .     SeeInvis .   b - +4 trident (flame)
rCold    . . .     Gourm    .   (no shield)
rNeg     + . .     Faith    .   l - +0 robe
rPois    ∞         Spirit   .   (no helmet)
rElec    +         Reflect  .   (no cloak)
rCorr    .         Harm     .   r - +0 pair of gloves
MR       .....                  m - +1 pair of boots
Stlth    ++........             (no amulet)
HPRegen  0.20/turn              (no ring)
MPRegen  0.15/turn              (no ring)

@: corroded, divine energy
A: negative energy resistance 1, electricity resistance, unbreathing,
petrification resistance, rot immunity, AC +6
a: Stop Divine Energy, Renounce Religion


You were on level 7 of the Dungeon.
You worshipped Sif Muna.
Sif Muna was pleased with you.
You were hungry.

You visited 1 branch of the dungeon, and saw 7 of its levels.

You collected 223 gold pieces.
You spent 132 gold pieces at shops.

Inventory:

Hand Weapons
 b - a +4 trident of flaming (weapon)
Missiles
 w - 164 stones (quivered)
Armour
 l - a +0 robe (worn)
 m - a +1 pair of boots (worn)
 r - a +0 pair of gloves (worn)
Magical Staves
 a - an uncursed staff of power
 A - an uncursed staff of fire
 C - an uncursed staff of energy
Jewellery
 i - an uncursed amulet of magic regeneration {unknown}
 y - an uncursed amulet of rage {unknown}
Scrolls
 c - a scroll of enchant weapon
 h - 2 scrolls of remove curse
 k - a scroll of blinking
 u - 3 scrolls of enchant armour
 v - a scroll of amnesia {unknown}
 x - 4 scrolls of noise
 E - 2 scrolls of magic mapping {unknown}
 F - 2 scrolls of teleportation
Potions
 f - a potion of brilliance
 g - 5 potions of curing
 j - 3 potions of flight
 n - 2 potions of resistance
 o - 3 potions of heal wounds
 q - a potion of berserk rage
 s - 2 potions of lignification
 t - 2 potions of ambrosia {unknown}
 z - a potion of might {unknown}
 B - a potion of invisibility
Books
 e - a book of Geomancy

   Spells                             Type                      Level
   a - Sandblast                      Earth                        1
   b - Passwall                       Transmutation/Earth          2
   c - Stone Arrow                    Conjuration/Earth            3
   d - Petrify                        Transmutation/Earth          4
   e - Lee's Rapid Deconstruction     Earth                        5
 D - a book of Debilitation

   Spells                             Type                      Level
   a - Corona                         Hexes                        1
   b - Slow                           Hexes                        2
   c - Inner Flame                    Hexes/Fire                   3
   d - Portal Projectile              Hexes/Translocation          3
   e - Cause Fear                     Hexes                        4
   f - Leda's Liquefaction            Hexes/Earth                  4
Miscellaneous
 p - a phantom mirror
Comestibles
 d - 12 rations
 G - 2 chunks of flesh


   Skills:
 + Level 9.0 Fighting
 - Level 1.5 Dodging
 - Level 2.1 Stealth
 - Level 5.4 Spellcasting
 - Level 0.7 Transmutations
 + Level 10.4 Earth Magic


You had 5 spell levels left.
You knew the following spells:

 Your Spells              Type           Power        Failure   Level  Hunger
a - Sandblast             Erth           #####.       1%          1    None
b - Stone Arrow           Conj/Erth      ####..       3%          3    ##.....
c - Lee's Rapid Deconstr  Erth           #####.....   4%          5    #####..
d - Petrify               Tmut/Erth      ####....     11%         4    ####...


Dungeon Overview and Level Annotations

Branches:
Dungeon (7/15)             Temple (0/1) D:4

Altars:
Elyvilon
Nemelex Xobeh
Qazlal
Sif Muna
Xom
Yredelemnul

Shops:
D:4 !

Annotations:
D:5 2 runed doors


Innate Abilities, Weirdness & Mutations

You are resistant to torment.
Your stone body is resilient. (AC +6)
You are immune to poison.
You resist negative energy. (rN+)
You are resistant to electric shocks. (rElec)
You can survive without breathing.
You are immune to petrification.
You are immune to rotting.


Message History

Press: ? - help, Dir - move target cursor, p - orc warrior The wall shatters!
The blast of rock fragments hits the orc warrior.
The orc warrior is moderately wounded.
You are feeling hungry.
Casting: Lee's Rapid Deconstruction
Confirm with . or Enter, or press ? or * to list all spells.
Aiming: Lee's Rapid Deconstruction
Press: ? - help, Dir - move target cursor The wall shatters!
The blast of rock fragments hits the orc warrior.
The orc warrior is moderately wounded.
The orc warrior zaps a wand.
The bolt of acid hits you!
* * * LOW HITPOINT WARNING * * *
The acid corrodes you!
You are splashed with acid!
The acid burns!
* * * LOW HITPOINT WARNING * * *
You see here a stone.
The orc warrior throws a stone.
The stone barely misses you.
The orc warrior zaps a wand.
The bolt of acid hits you!
You die...

#..#.#...###.#
#.##...###...#
#....###...###
#..###...#.# ###....##.#
##...##....#
###...###.......
###...#.# #.#####.
###@..###.# #.#
###...### .......
###...### .......
#..###...### #.......
#......o#########......
######(..((o(...........
############...... .....
####


You could see an orc warrior.

Vanquished Creatures
  A troll (D:7)
  Prince Ribbit (D:6)
  A hippogriff (D:6)
  A soldier ant (D:6)
  An ice beast (D:7)
  2 phantoms
  A sky beast (D:6)
  A hornet zombie (D:6)
  2 ogres
  2 centaurs
  3 bullfrogs
  A scorpion (D:5)
  The ghost of p0werm0de the Chopper, a weakling DsWr (D:3)
  A wight (D:7)
  3 howler monkeys
  4 crimson imps
  2 hounds
  3 orc wizards
  2 bullfrog skeletons
  A centaur skeleton (D:5)
  A gnoll shaman (D:5)
  2 orc priests (D:5)
  An iguana (D:5)
  3 worker ants
  A worker ant zombie (D:5)
  9 gnolls
  3 adders
  2 shadow imps (D:5)
  2 oozes
  2 adder zombies
  An adder skeleton (D:5)
  3 worms (D:3)
  2 dart slugs
  3 leopard geckos
  15 orcs
  4 giant cockroaches
  10 goblins
  10 hobgoblins
  6 jackals
  4 kobolds
  3 quokkas
  A ball python (D:1)
  10 bats
  4 frilled lizards
  A quokka skeleton (D:5)
  A quokka zombie (D:5)
  8 rats
146 creatures vanquished.

Notes
Turn   | Place    | Note
-------+----------+-------------------------------------------
     0 | D:1      | Jatast the Gargoyle Earth Elementalist began the quest for the Orb.
     0 | D:1      | Reached XP level 1. HP: 10/10 MP: 3/3
   372 | D:1      | Reached XP level 2. HP: 15/16 MP: 5/5
   379 | D:1      | Found a sparkling altar of Nemelex Xobeh.
   408 | D:1      | Reached skill level 1 in Fighting
   463 | D:1      | Reached skill level 4 in Earth Magic
   775 | D:2      | Reached XP level 3. HP: 17/20 MP: 6/6
  1080 | D:2      | Learned a level 3 spell: Stone Arrow
  1173 | D:2      | Found a shimmering altar of Xom.
  1181 | D:2      | Found a deep blue altar of Sif Muna.
  1184 | D:2      | Found a basalt altar of Yredelemnul.
  1189 | D:2      | Became a worshipper of Sif Muna the Loreminder
  1325 | D:2      | Reached XP level 4. HP: 17/26 MP: 4/8
  1624 | D:2      | Found a white marble altar of Elyvilon.
  2000 | D:3      | Reached XP level 5. HP: 25/31 MP: 3/9
  2228 | D:3      | Noticed a phantom
  2288 | D:3      | Killed a phantom
  2288 | D:3      | Reached skill level 5 in Earth Magic
  2297 | D:3      | Noticed p0werm0de's ghost (weakling DsWr)
  2442 | D:3      | Reached XP level 6. HP: 37/37 MP: 11/11
  2838 | D:3      | Killed p0werm0de's ghost
  3157 | D:3      | Learned a level 5 spell: Lee's Rapid Deconstruction
  3474 | D:4      | Found a staircase to the Ecumenical Temple.
  3608 | D:4      | Found a stormy altar of Qazlal.
  3654 | D:4      | Found Ysaptego's Distillery.
  3659 | D:4      | Bought a potion of curing for 36 gold pieces
  3659 | D:4      | Bought a potion of invisibility for 96 gold pieces
  3861 | D:5      | Entered Level 5 of the Dungeon
  3863 | D:5      | Reached * piety under Sif Muna
  3900 | D:5      | Reached skill level 6 in Earth Magic
  3900 | D:5      | Reached XP level 7. HP: 43/43 MP: 13/13
  4183 | D:5      | Found a large runed door.
  4183 | D:5      | Found a large runed door.
  4316 | D:5      | Reached skill level 5 in Fighting
  4586 | D:5      | Found a large runed door.
  4586 | D:5      | Found a large runed door.
  4781 | D:5      | Reached skill level 7 in Earth Magic
  4802 | D:5      | Reached XP level 8. HP: 49/49 MP: 15/15
  4920 | D:5      | Reached skill level 5 in Spellcasting
  5716 | D:6      | Reached ** piety under Sif Muna
  5864 | D:6      | Noticed Prince Ribbit
  5870 | D:6      | Killed Prince Ribbit
  5870 | D:6      | Reached skill level 8 in Earth Magic
  6597 | D:6      | Reached XP level 9. HP: 55/57 MP: 6/17
  6701 | D:6      | Reached skill level 9 in Earth Magic
  7503 | D:6      | Learned a level 4 spell: Petrify
  7628 | D:7      | Reached skill level 10 in Earth Magic
  7815 | D:7      | Noticed a troll
  7817 | D:7      | Killed a troll
  7930 | D:7      | Killed from afar by an orc warrior

Skill      XL: |  1  2  3  4  5  6  7  8  9 |
---------------+----------------------------+-----
Fighting       | 1 2 3 4 5 7 9 |  9.0
Earth Magic    | 4 5 6 7 8 10 | 10.4
Spellcasting   | 3 4 5 |  5.4
Dodging        | |  1.5
Stealth        | |  2.1
Transmutations | |  0.7

Action                   |  1- 3 |  4- 6 |  7- 9 || total
-------------------------+-------+-------+-------++-------
Melee: Unarmed           |    18 |       |       ||    18
       Short sword       |    67 |    99 |       ||   166
       Trident           |       |    34 |    14 ||    48
       Staff             |       |       |    18 ||    18
 Cast: Sandblast         |    16 |    28 |    59 ||   103
       Stone Arrow       |       |     4 |    92 ||    96
       Lee's Rapid Decon |       |       |     9 ||     9
       Petrify           |       |       |     2 ||     2
Invok: Divine Energy     |       |     1 |       ||     1
Evoke: Staff of energy   |       |       |     2 ||     2
  Use: Scroll            |       |    13 |       ||    13
 Stab: Sleeping          |     4 |     4 |       ||     8
       Petrified         |       |       |    10 ||    10
  Eat: Chunk             |     1 |     8 |    17 ||    26
Armor: Robe              |    25 |    34 |    37 ||    96
Dodge: Dodged            |    48 |    75 |    55 ||   178
